 Dungeon Crawl Stone Soup version 0.27-a0-972-gd1521fd518 (webtiles) character file.

Game seed: 16803108074263053827

664 leviel the Skirmisher (level 7, -17/64 HPs)
             Began as a Minotaur Fighter on Apr 13, 2021.
             Was an Initiate of Okawaru.
             Demolished by Pikel
             ... wielding a +2 whip of electrocution
              (18 damage)
             ... on level 5 of the Dungeon.
             The game lasted 00:05:10 (4230 turns).

leviel the Skirmisher (Minotaur Fighter)            Turns: 4230, Time: 00:05:11

Health: -17/64     AC:  7    Str: 22    XL:     7   Next: 31%
Magic:  6/6        EV: 12    Int:  5    God:    Okawaru [......]
Gold:   160        SH: 10    Dex: 10    Spells: 6/6 levels left

rFire    . . .     SeeInvis .   a - +0 war axe
rCold    . . .     Faith    .   c - +0 kite shield
rNeg     + . .     Spirit   .   b - +0 scale mail
rPois    .         Reflect  .   (helmet restricted)
rElec    .         Harm     .   (no cloak)
rCorr    .         Rampage  .   (no gloves)
Will     .....                  (no boots)
Stlth    ..........             (no amulet)
HPRegen  0.20/turn              g - +4 ring of evasion
MPRegen  0.10/turn              m - ring of positive energy

@: no status effects
A: horns 2, retaliatory headbutt
a: Renounce Religion


You were on level 5 of the Dungeon.
You worshipped Okawaru.
Okawaru was noncommittal.
You visited 2 branches of the dungeon, and saw 6 of its levels.

You collected 160 gold pieces.

Inventory:

Hand Weapons
 a - a +0 war axe (weapon)
Armour
 b - a +0 scale mail (worn)
 c - a +0 kite shield (worn)
Jewellery
 g - a +4 ring of evasion (left hand)
 m - a ring of positive energy (right hand)
 q - a ring of ice
 t - a ring of protection from fire
 v - an amulet of magic regeneration
Scrolls
 e - 3 scrolls of identify {unknown}
 f - a scroll of amnesia {unknown}
 h - 3 scrolls of teleportation {unknown}
 j - a scroll of noise {unknown}
 n - 2 scrolls of fear
 p - a scroll of enchant weapon {unknown}
 r - a scroll of magic mapping {unknown}
 w - a scroll of enchant armour {unknown}
Potions
 i - a potion of brilliance {unknown}
 k - 3 potions of berserk rage {unknown}
 l - 2 potions of lignification {unknown}
 o - a potion of flight {unknown}
 s - 2 potions of haste {unknown}
 u - a potion of curing {unknown}


   Skills:
 + Level 6.6 Fighting
 * Level 5.4 Axes
 + Level 5.6 Armour
 + Level 5.5 Shields


You had 6 spell levels left.
You didn't know any spells.
Your spell library contained the following spells:

 Spells                   Type           Power      Damage    Failure   Level
 Corona                   Hex            0%         N/A       99%         1
 Ensorcelled Hibernation  Hex/Ice        0%         N/A       100%        2
 Confusing Touch          Hex            0%         N/A       100%        3
 Dazzling Flash           Conj/Hex       0%         N/A       100%        3
 Tukima's Dance           Hex            0%         N/A       100%        3


Dungeon Overview and Level Annotations

Branches:
Dungeon (5/15)             Temple (1/1) D:4

Altars:
Ashenzari
Cheibriados
Dithmenos
Elyvilon
Fedhas
Gozag
Hepliaklqana
Kikubaaqudgha
Makhleb
Nemelex Xobeh
Okawaru
Qazlal
Ru
Sif Muna
Trog
Uskayaw
Vehumet
Wu Jian
Xom
Yredelemnul
Zin
The Shining One

Shops:
D:1 =

Annotations:
D:4 2 transporters, Numeroid's ghost, novice GrIE
D:5 Pikel


Innate Abilities, Weirdness & Mutations

You have a pair of horns on your head.
You reflexively headbutt those who attack you in melee.


Message History

* * * LOW HITPOINT WARNING * * *
You are electrocuted!
* * * LOW HITPOINT WARNING * * *
The lemure hits you.
* * * LOW HITPOINT WARNING * * *
The lemure closely misses you.
Pikel zaps a wand.
You resist with some effort.
You closely miss Pikel.
Pikel is almost dead.
You miss the lemure. You barely miss the lemure.
The lemure hits you but does no damage. You block the lemure's attack.
Pikel hits you with a +2 whip of electrocution.
* * * LOW HITPOINT WARNING * * *
You block the lemure's attack. The lemure hits you.
* * * LOW HITPOINT WARNING * * *
Pikel zaps a wand.
You turn into an insubstantial wisp.
Your +0 war axe melds into your body.
Your +0 kite shield melds into your body.
Your +0 scale mail melds into your body.
Your +4 ring of evasion melds into your body.
Your ring of positive energy melds into your body.
Unknown command.
You blink.
You blink.
There is a stone staircase leading down here.
You start resting.
Your transformation is almost over.
You start resting.
Pikel is nearby!
Your transformation has ended.
Your +0 war axe unmelds from your body.
Your +0 kite shield unmelds from your body.
Your +0 scale mail unmelds from your body.
Your +4 ring of evasion unmelds from your body.
Your ring of positive energy unmelds from your body.
You start resting.
Pikel is nearby!
Pikel hits you with a +2 whip of electrocution!
* * * LOW HITPOINT WARNING * * *
You are electrocuted!!
You die...

#.....# #####.# #.#
######.# #....#.#
##########.##.#.##
...........[....#.
############.######.
#.K@.......#.#......
#.#######.##.#.####.
#.# #....#.....<
#.##################
#..>....K........#
################.#
#.# #.# #.#


You could see Pikel.

Vanquished Creatures
  Menkaure (D:5)
  A black bear (D:4)
  An ogre (D:4)
  A hound (D:4)
  A jelly (D:4)
  An orc priest (D:4)
  A gnoll shaman (D:4)
  An iguana (D:2)
  An orc wizard (D:4)
  4 adders
  7 gnolls (D:4)
  3 adder skeletons (D:4)
  2 worms
  A dart slug (D:2)
  4 orcs
  4 ball pythons
  4 endoplasms
  4 giant cockroaches
  9 hobgoblins
  2 jackals (D:4)
  8 kobolds
  3 quokkas
  7 bats
  10 goblins
  3 rats
84 creatures vanquished.

Notes
Turn   | Place    | Note
-------+----------+-------------------------------------------
     0 | D:1      | leviel the Minotaur Fighter began the quest for the Orb.
     0 | D:1      | Reached XP level 1. HP: 19/19 MP: 0/0
   156 | D:1      | Found Yfrem's Jewellery Emporium.
   237 | D:1      | Reached XP level 2. HP: 27/27 MP: 1/1
   245 | D:1      | Reached skill level 4 in Fighting
   787 | D:2      | Reached XP level 3. HP: 33/33 MP: 2/2
  1018 | D:2      | Reached XP level 4. HP: 41/41 MP: 3/3
  1648 | D:3      | Reached skill level 5 in Fighting
  1937 | D:3      | Found a faded altar of an unknown god.
  2037 | D:4      | Reached XP level 5. HP: 44/48 MP: 4/4
  2455 | D:4      | Reached XP level 6. HP: 25/57 MP: 5/5
  2779 | D:4      | Found a radiant altar of Vehumet.
  2841 | D:4      | Found a staircase to the Ecumenical Temple.
  2858 | Temple   | Entered the Ecumenical Temple
  3132 | Temple   | Became a worshipper of Warmaster Okawaru
  3169 | D:4      | Noticed Numeroid's ghost (novice GrIE)
  3181 | D:4      | Found a transporter.
  3201 | D:4      | Found a transporter.
  3275 | D:4      | Reached skill level 6 in Fighting
  3275 | D:4      | Reached skill level 5 in Armour
  3277 | D:4      | Reached skill level 5 in Shields
  3538 | D:4      | Reached skill level 5 in Axes
  3538 | D:4      | Reached XP level 7. HP: 8/64 MP: 6/6
  4023 | D:5      | Entered Level 5 of the Dungeon
  4023 | D:5      | Noticed Menkaure
  4031 | D:5      | Killed Menkaure
  4174 | D:5      | Noticed Pikel
  4182 | D:5      | HP: 1/64 [lemure[Pikel] (3)]
  4230 | D:5      | HP: 1/64 [Pikel/+2 whip of electrocution (8)]
  4230 | D:5      | Demolished by Pikel

Illustrated notes

Levels and vault maps discovered:
D:1:      amcnicky_arrival_feature_with_door, layout_loops_cross, serial_shops,
          nicolae_shop_temple_entry_statues_fountains
D:2:      layout_loops_ring
D:3:      layout_basic, hellmonk_ecumenical_altar_pennies_from_heaven
D:4:      layout_loops_ring, kennysheep_little_box,
          minmay_temple_entry_purple_smoke, gammafunk_ghost_stat_death,
          minmay_puff
D:5:      layout_basic, uniq_pikel, uniq_duvessa, uniq_menkaure, uniq_sigmund
Temple:   compressed_dpeg_triangle_lava_temple

Skill      XL: |  1  2  3  4  5  6 |
---------------+-------------------+-----
Fighting       | 4 5 6 |  6.6
Armour         | 4 5 |  5.6
Shields        | 4 5 |  5.5
Axes           | 3 4 5 |  5.4

Action                   |  1- 3 |  4- 6 |  7- 9 || total
-------------------------+-------+-------+-------++-------
Melee: War axe           |    70 |   126 |    12 ||   208
       Headbutt          |    10 |    22 |     2 ||    34
  Use: Scroll            |     1 |       |       ||     1
       Potion            |       |     1 |     1 ||     2
Armor: Scale mail        |    19 |    48 |     2 ||    69
Dodge: Dodged            |    33 |    58 |     4 ||    95
Block: Kite shield       |    41 |    75 |     8 ||   124

Table legend: (Time is in decaauts)
 A = Elapsed time spent in this place.
 B = Non-inter-level travel time spent in this place.
 C = Inter-level travel time spent in this place.
 D = Time resting spent in this place.
 E = Time spent auto-exploring this place.
 F = Levels seen in this place.
 G = Mean time per level.
                   A        B        C        D        E       F      G
               +--------+--------+--------+--------+--------+-----+--------+
         Total |   4337 |   4238 |     99 |    633 |   2961 |   6 |  722.8 |
       Dungeon |   4043 |   3963 |     80 |    633 |   2719 |   5 |  808.6 |
        Temple |    293 |    274 |     19 |      0 |    242 |   1 |  293.0 |
               +--------+--------+--------+--------+--------+-----+--------+

Top non-repeatable levels by time:
     D:4: 1745 daAuts
     D:2: 990 daAuts
     D:1: 599 daAuts
     D:3: 501 daAuts
  Temple: 293 daAuts
     D:5: 206 daAuts
